 Dungeon Sprint DCSS version 0.22-a0-614-g34fbaa0 (webtiles) character file.

8517 Krakonus1 the Shatterer (level 11, -7/150 HPs)
             Began as an Ogre Berserker on July 20, 2018.
             Was a High Priest of Trog.
             Mangled by an orc knight
             ... wielding a +0 war axe
              (24 damage)
             ... in the Dungeon (Sprint IX: "|||||||||||||||||||||||||||||").
             The game lasted 00:17:45 (2409 turns).

Krakonus1 the Shatterer (Ogre Berserker)            Turns: 2409, Time: 00:17:45

Health: -7/150     AC: 15    Str: 34    XL:     11   Next: 32%
Magic:  11/11      EV: 10    Int: 11    God:    Trog [*****.]
Gold:   1750       SH:  0    Dex:  8    Spells: 10/10 levels left

rFire    + . .     SeeInvis .   z - +6 great mace (protect)
rCold    + . .     Gourm    .   (shield currently unavailable)
rNeg     . . .     Faith    .   C - +2 robe {rC+ rF+}
rPois    .         Spirit   .   (helmet restricted)
rElec    .         Reflect  .   p - +2 cloak
rCorr    .         Harm     .   (gloves unavailable)
MR       +....     NoTele   +   (boots unavailable)
Stlth    ..........             (no amulet)
HPRegen  0.35/turn              q - +3 ring of strength
MPRegen  0.12/turn              r - +3 ring of intelligence

@: berserking (expiring), protection aura, very quick
A: large, unfitting armour, tough skin 1
a: Berserk, Trog's Hand, Brothers in Arms, Renounce Religion


You were in the Dungeon.
You worshipped Trog.
Trog was extremely pleased with you.
You were hungry.

You visited 1 branch You collected 1750 gold pieces.

Inventory:

Hand Weapons
 o - a +2 dire flail of crushing
 v - a +3 great mace of protection
 w - a +0 great mace of holy wrath
 y - a +1 mace of distortion
 z - a +6 great mace of protection (weapon)
 A - a +0 dire flail of protection
Missiles
 e - 3 poisoned javelins
 k - 5 stones
 u - 7 javelins of returning (quivered)
 B - 5 tomahawks
Armour
 b - a +2 animal skin
 p - a +2 cloak (worn)
 C - a +2 robe of resistance (worn)
Jewellery
 q - a +3 ring of strength (left hand)
 r - a +3 ring of intelligence (right hand)
Wands
 n - a wand of iceblast (10)
 x - a wand of clouds (7)
Scrolls
 i - a scroll of blinking
 j - a scroll of identify
 m - 4 scrolls of remove curse
 s - a scroll of enchant armour
Potions
 a - 3 potions of brilliance
 f - a potion of haste
 g - 4 potions of magic
 h - a potion of berserk rage
Comestibles
 c - 9 rations


   Skills:
 - Level 4.0 Fighting
 * Level 22.4 Maces & Flails
 - Level 2.6 Dodging


You had 10 spell levels left.
You didn't know any spells.
Your spell library was empty.

Dungeon Overview and Level Annotations

Branches:
Dungeon (1/1)

Altars:
Cheibriados
Dithmenos
Elyvilon
Fedhas
Gozag
Hepliaklqana
Kikubaaqudgha
Makhleb
Nemelex Xobeh
Okawaru
Qazlal
Ru
Sif Muna
Trog
Uskayaw
Vehumet
Wu Jian
Xom
Yredelemnul
Zin
The Shining One
Beogh
Jiyva
Lugonu

Shops:
D !?*(

Annotations:
D Sonja


Innate Abilities, Weirdness & Mutations

You are too large for most types of armour.
You have tough skin. (AC +1)


Message History

There is an entrance to Panireclyl's Distillery here.
Things that are here:
a battleaxe; a plate armour; an orc corpse You barely miss the orc high priest.
You pound the orc high priest like an anvil!!!
The orc high priest is almost dead.
The sixfirhy hits you.
* * * LOW HITPOINT WARNING * * *
The sixfirhy shocks you!
* * * LOW HITPOINT WARNING * * *
The sixfirhy hits you but does no damage.
The orc high priest hits you with a battleaxe!
* * * LOW HITPOINT WARNING * * *
You bludgeon the orc high priest!!
You kill the orc high priest!
Trog accepts your kill.
The sixfirhy disappears in a puff of smoke!
The chaos spawn degenerates into a cloud of primal chaos!
The orc knight hits you with a war axe!!
You die...

▓▓▓▓▓▓▓▓▓▓▓▓▓▓▓▓▓▓▓▓▓▓▓
+..§.o@§∩.∩.∩.....'....
▓▓▓▓▓▓▓▓▓▓▓▓▓▓▓▓▓▓▓▓▓▓▓▓▓▓▓▓▓▓▓▓▓
▓................................
▓(▓▓▓▓▓▓▓▓▓▓▓▓▓▓▓▓▓▓▓▓▓▓▓▓▓▓▓▓▓▓▓
▓.(..'..[[[[..'.[(.........'.....
▓▓▓▓▓▓▓▓▓▓▓▓▓▓▓▓▓▓▓▓▓▓▓▓▓▓▓▓▓▓▓▓▓
▓................................
▓.▓▓▓▓▓▓▓▓▓▓▓▓▓▓▓▓▓▓▓▓▓▓▓▓▓▓▓▓▓▓▓
▓..'...).†'......').[[.)|?.'_____


You could see an orc knight.

Vanquished Creatures
  2 orc high priests (D)
  2 orc knights (D)
  A rime drake (shapeshifter) (D)
  A wyvern (D)
  A wraith (D)
  2 water moccasins (D)
  2 orc warriors (D)
  A sky beast (D)
  3 jellies (D)
  6 orc priests (D)
  An iguana (D)
  3 orc wizards (D)
  A worker ant (D)
  An adder skeleton (D)
  A leopard gecko (D)
  3 orcs (D)
  2 bat skeletons (D)
  A giant cockroach (D)
  A hobgoblin (D)
  A frilled lizard (D)
  A kobold (D)
  A leopard gecko skeleton (D)
  A rat (D)
39 creatures vanquished.

Vanquished Creatures (collateral kills)
  3 orc high priests (D)
  7 orc knights (D)
  An orc sorcerer (D)
  An elephant (D)
  A torpor snail (D)
  3 spiny frogs (D)
  A blink frog (D)
  A hippogriff (D)
  5 wargs (D)
  2 water moccasins (D)
  2 hell hounds (D)
  2 porcupines (D)
  8 orc warriors (D)
  2 wolves (D)
  2 crocodiles (D)
  4 bullfrogs (D)
  An orc (D)
46 creatures vanquished.

Grand Total: 85 creatures vanquished

Notes
Turn   | Place    | Note
-------+----------+-------------------------------------------
     0 | D        | Krakonus1 the Ogre Berserker began the quest for the Orb.
     0 | D        | Reached XP level 1. HP: 24/24 MP: 1/1
     5 | D        | Reached skill level 3 in Maces & Flails
    12 | D        | Reached ** piety under Trog
    21 | D        | Reached skill level 4 in Maces & Flails
   246 | D        | Noticed an iguana
   246 | D        | Noticed a jelly
   246 | D        | Noticed a jelly
   249 | D        | Killed a jelly
   249 | D        | Reached skill level 6 in Maces & Flails
   249 | D        | Reached XP level 2. HP: 32/32 MP: 2/2
   249 | D        | Reached XP level 3. HP: 39/39 MP: 3/3
   253 | D        | Reached *** piety under Trog
   253 | D        | Reached skill level 7 in Maces & Flails
   253 | D        | Reached XP level 4. HP: 38/48 MP: 4/4
   265 | D        | Reached skill level 8 in Maces & Flails
   272 | D        | Found a roughly hewn altar of Beogh.
   272 | D        | Found a snail-covered altar of Cheibriados.
   272 | D        | Found a shadowy altar of Dithmenos.
   272 | D        | Found a white marble altar of Elyvilon.
   272 | D        | Found a blossoming altar of Fedhas.
   272 | D        | Found an opulent altar of Gozag.
   273 | D        | Found a hazy altar of Hepliaklqana.
   274 | D        | Found a viscous altar of Jiyva.
   275 | D        | Found an ancient bone altar of Kikubaaqudgha.
   276 | D        | Found a corrupted altar of Lugonu.
   277 | D        | Found a burning altar of Makhleb.
   278 | D        | Found a sparkling altar of Nemelex Xobeh.
   279 | D        | Found an iron altar of Okawaru.
   280 | D        | Found a stormy altar of Qazlal.
   281 | D        | Found a sacrificial altar of Ru.
   282 | D        | Found a deep blue altar of Sif Muna.
   283 | D        | Found a bloodstained altar of Trog.
   284 | D        | Found a hide-covered altar of Uskayaw.
   285 | D        | Found a radiant altar of Vehumet.
   286 | D        | Found an ornate altar of the Wu Jian Council.
   287 | D        | Found a shimmering altar of Xom.
   288 | D        | Found a basalt altar of Yredelemnul.
   289 | D        | Found a glowing silver altar of Zin.
   290 | D        | Found a glowing golden altar of the Shining One.
   465 | D        | Noticed a wraith
   465 | D        | Noticed a water moccasin
   465 | D        | Noticed a water moccasin
   470 | D        | Killed a water moccasin
   470 | D        | Reached **** piety under Trog
   470 | D        | Reached skill level 10 in Maces & Flails
   470 | D        | Reached XP level 5. HP: 54/54 MP: 5/5
   473 | D        | Reached skill level 11 in Maces & Flails
   473 | D        | Reached XP level 6. HP: 62/62 MP: 6/6
   478 | D        | Killed a water moccasin
   478 | D        | Reached skill level 12 in Maces & Flails
   486 | D        | Killed a wraith
   486 | D        | Reached skill level 13 in Maces & Flails
   486 | D        | Reached XP level 7. HP: 70/70 MP: 7/7
   592 | D        | Noticed a wyvern
   592 | D        | Noticed a rime drake
   593 | D        | Reached ***** piety under Trog
   597 | D        | Killed a rime drake
   597 | D        | Reached skill level 14 in Maces & Flails
   600 | D        | Killed a wyvern
   600 | D        | Reached skill level 15 in Maces & Flails
   600 | D        | Reached XP level 8. HP: 78/78 MP: 8/8
   911 | D        | Noticed a spiny frog
   911 | D        | Noticed a blink frog
   911 | D        | Noticed a hippogriff
   914 | D        | Killed a hippogriff
   915 | D        | Reached skill level 16 in Maces & Flails
   916 | D        | Killed a spiny frog
   916 | D        | Received a gift from Trog
   917 | D        | Killed a blink frog
   920 | D        | Reached XP level 9. HP: 80/84 MP: 9/9
   923 | D        | Reached skill level 17 in Maces & Flails
   950 | D        | Noticed a torpor snail
   950 | D        | Noticed a spiny frog
   951 | D        | Noticed a spiny frog
   952 | D        | Reached ****** piety under Trog
   960 | D        | Killed a spiny frog
   961 | D        | Noticed an elephant
   962 | D        | Killed a torpor snail
   962 | D        | Received a gift from Trog
   963 | D        | Killed a spiny frog
   963 | D        | Reached skill level 18 in Maces & Flails
   967 | D        | Killed an elephant
  1004 | D        | Received a gift from Trog
  1151 | D        | Noticed Sonja
  1540 | D        | Reached skill level 19 in Maces & Flails
  1553 | D        | Received a gift from Trog
  1565 | D        | Reached XP level 10. HP: 74/92 MP: 10/10
  1636 | D        | Noticed an orc high priest
  1636 | D        | Noticed an orc sorcerer
  1636 | D        | Noticed an orc knight
  1641 | D        | Killed an orc knight
  1651 | D        | Killed an orc sorcerer
  1657 | D        | Killed an orc high priest
  1657 | D        | Received a gift from Trog
  1664 | D        | Received a gift from Trog
  1667 | D        | Reached skill level 20 in Maces & Flails
  1746 | D        | Found Lefud's Antique Weapon Boutique.
  1746 | D        | Noticed an orc knight
  1746 | D        | Noticed an orc knight
  1746 | D        | Noticed an orc high priest
  1746 | D        | Noticed an orc knight
  1746 | D        | Noticed an orc knight
  1748 | D        | Noticed an orc high priest
  1749 | D        | Noticed an orc knight
  1784 | D        | Killed an orc knight
  1788 | D        | Killed an orc knight
  1791 | D        | Killed an orc high priest
  1797 | D        | Killed an orc knight
  1809 | D        | Killed an orc knight
  1818 | D        | Killed an orc high priest
  1818 | D        | Reached skill level 21 in Maces & Flails
  1823 | D        | Killed an orc knight
  1848 | D        | Noticed an orc high priest
  1854 | D        | Noticed an orange demon
  1866 | D        | Killed an orc high priest
  1866 | D        | Reached XP level 11. HP: 76/100 MP: 11/11
  1877 | D        | Noticed an orc knight
  1889 | D        | HP: 5/100 [orc knight/long sword (16)]
  1896 | D        | Killed an orc knight
  2006 | D        | Noticed an orc knight
  2171 | D        | Killed an orc knight
  2379 | D        | Found Xuppadgh's Assorted Antiques.
  2383 | D        | Found Tenolex's Magic Scroll Boutique.
  2387 | D        | Found Panireclyl's Distillery.
  2391 | D        | Noticed an orc knight
  2392 | D        | Noticed an orc high priest
  2393 | D        | Noticed an orc knight
  2404 | D        | Killed an orc knight
  2404 | D        | Reached skill level 22 in Maces & Flails
  2406 | D        | Noticed a sixfirhy
  2408 | D        | Killed an orc high priest
  2409 | D        | Mangled by an orc knight

Vault maps used:
D:        linesprint

Skill      XL: |  1  2  3  4  5  6  7  8  9 10 11 |
---------------+----------------------------------+-----
Maces & Flails | 6 7 10 11 13 15 16 19 21 22 | 22.4
Fighting       | |  4.0
Dodging        | |  2.6

Action                   |  1- 3 |  4- 6 |  7- 9 | 10-12 || total
-------------------------+-------+-------+-------+-------++-------
Melee: Mace              |    25 |     9 |       |       ||    34
       Dire flail        |       |    18 |    18 |       ||    36
       Great mace        |       |       |    30 |    49 ||    79
Throw: Javelin           |       |       |       |     1 ||     1
Invok: Berserk           |     1 |     1 |     2 |     3 ||     7
       Brothers in Arms  |       |       |     6 |     7 ||    13
       Trog's Hand       |       |       |     1 |     1 ||     2
  Use: Potion            |       |     1 |     5 |     8 ||    14
       Scroll            |       |       |     4 |     3 ||     7
  Eat: Chunk             |       |       |     5 |     4 ||     9
       Ration            |       |       |     1 |     1 ||     2
Armor: Animal skin       |     4 |     4 |    13 |       ||    21
       Robe              |       |       |       |     7 ||     7
Dodge: Dodged            |    10 |     7 |    20 |    10 ||    47

Table legend:
 A = Spawn XP
 B = Non-spawn XP
 C = Spawn XP percentage of total XP
 D = Spawn monster count
 E = Non-spawn monster count
 F = Spawn count percentage of total count
 G = Total turns spent on level
                    A         B        C        D         E        F      G
               +---------+---------+-------+---------+---------+-------+---------
         Total |       0 |   12168 |   0.0 |       0 |      85 |   0.0 |  2409
               +---------+---------+-------+---------+---------+-------+---------
             D |       0 |   12168 |   0.0 |       0 |      85 |   0.0 |  2409
               +---------+---------+-------+---------+---------+-------+---------
